MegaRandom
505159754Analyzed1v1 RM
·
24d ago on Sep 8, 2026·
32m 31s·
2 players
Game mode
Random Map
Map size
Tiny (2 player)
Population
200
Speed
Normal
Resources
Standard
Victory
Conquest
Starting age
Dark Age
Ending age
Imperial Age
RankedLock teamsTeams togetherTeam positionsShared explorationLock speedFull tech treeHidden civsTurbo modeCheats
Victory
Defeat
Replay analysis
x3meow
10:34
Feudal Age
10:16
Loom
10:21
Loom
12:01
Double-Bit Axe
12:42
Fishing Lines
14:29
Horse Collar
17:52
Castle Age
17:11
Forging
17:13
Bloodlines
17:08
Gold Mining
17:09
Stone Mining
19:27
Fletching
19:37
Padded Archer Armor
20:04
Bow Saw
20:27
Gillnets
21:40
Town Watch
23:27
Wheelbarrow
24:51
Gold Shaft Mining
26:03
Hand Cart
26:42
Husbandry
27:43
Thumb Ring
28:26
Bodkin Arrow
28:47
Leather Archer Armor
29:28
Leather Archer Armor
32:38
Ballistics
32:15
Murder Holes
32:32
Masonry
seba.alpha
5:56
Loom
11:10
Feudal Age
15:07
Wheelbarrow
18:56
Forging
18:53
Scale Barding Armor
23:49
Castle Age
22:12
Double-Bit Axe
26:44
Stone Mining
31:33
Husbandry